 Dungeon Crawl Stone Soup version 0.29.1-2-gbd0b4ee654 (webtiles) character file.

Game seed: 3902551067216209331

263 qeuew the Poker (level 6, 0/47 HPs)
             Began as a Merfolk Gladiator on Nov 10, 2022.
             Was an Initiate of Okawaru.
             Killed from afar by Pikel (14 damage)
             ... with an iceblast
             ... on level 4 of the Dungeon.
             The game lasted 00:04:18 (3632 turns).

qeuew the Poker (Merfolk Gladiator)                 Turns: 3632, Time: 00:04:18

Health: 0/47       AC:  8    Str: 16      XL:     6   Next: 19%
Magic:  6/6        EV: 13    Int:  7 (8)  God:    Okawaru [......]
Gold:   128        SH:  0    Dex: 15      Spells: 5/5 levels left

rFire   . . .      SeeInvis .   a - +1 trident
rCold   . . .      Faith    .   (no shield)
rNeg    + . .      Spirit   .   l - +0 ring mail
rPois   .          Reflect  .   c - +0 helmet
rElec   .          Harm     .   (no cloak)
rCorr   .          Rampage  .   k - +1 pair of gloves
Will    .....                   (no boots)
Stlth   +.........              (no amulet)
HPRegen 0.15/turn               i - ring of positive energy
MPRegen 0.10/turn               (no ring)

@: no status effects
A: (nimble swimmer 2), mertail
a: Renounce Religion


You were on level 4 of the Dungeon.
You worshipped Okawaru.
Okawaru was noncommittal.
You visited 2 branches of the dungeon, and saw 5 of its levels.

You collected 128 gold pieces.

Inventory:

Hand Weapons
 a - a +1 trident (weapon)
Missiles
 d - 3 throwing nets (quivered)
 e - a javelin
Armour
 c - a +0 helmet (worn)
 k - a +1 pair of gloves (worn)
 l - a +0 ring mail (worn)
Jewellery
 i - a ring of positive energy (left hand)
Scrolls
 m - a scroll of teleportation
Potions
 f - 3 potions of curing


   Skills:
 + Level 3.5 Fighting
 + Level 5.3 Polearms
 + Level 3.3 Throwing
 + Level 1.7 Armour
 + Level 5.2 Dodging


You had 5 spell levels left.
You didn't know any spells.
Your spell library contained the following spells:

 Spells                   Type           Power      Damage    Failure   Level
 Static Discharge         Conj/Air       0%         3-3/arc   78%         2
 Lightning Bolt           Conj/Air       0%         1d11      100%        5
 Maxwell's Capacitive Co  Air            0%         ∞         100%        8


Dungeon Overview and Level Annotations

Branches:
Dungeon (4/15)             Temple (1/1) D:4

Altars:
Ashenzari
Dithmenos
Fedhas
Kikubaaqudgha
Makhleb
Okawaru
Qazlal
Ru
Sif Muna
Trog
Uskayaw
Vehumet
Xom
Zin
The Shining One

Shops:
D:1 =

Annotations:
D:3 3 runed translucent doors, warborn304's ghost, amateur MiBe
D:4 Pikel


Innate Abilities, Weirdness & Mutations

((You are very nimble when in or above water. (Stealth+, EV+, Speed+++)))
Your lower body shifts to a powerful aquatic tail in water.


Message History

As you read the scroll labelled RAUPLERODWO, it crumbles to dust.
It is a scroll of enchant armour.
Your +0 pair of gloves glows green for a moment.
As you read the scroll labelled RYACWIF YMOOSS, it crumbles to dust.
It is a scroll of enchant weapon.
Your +0 trident glows red for a moment.
Things that are here:
a +0 club; a goblin corpse
There is a staircase back to the Dungeon here.
There is a staircase back to the Dungeon here.
You start waiting.
Done waiting.
You can't go down here!
You climb upwards.
Welcome back to the Dungeon!
Level annotation: Pikel The lemure hits you. x2
There is a staircase to the Ecumenical Temple here.
Pikel attacks as you move away!
Pikel hits you with a +2 whip of flaming!
Pikel burns you.
A lemure comes into view.
The lemure hits you. The lemure misses you.
The lemure shouts!
The lemure attacks as you move away! The lemure closely misses you.
As you read the scroll of teleportation, it crumbles to dust.
You feel strangely unstable. The lemure hits you but does no damage.
The lemure hits you. Pikel closely misses you.
The lemure attacks as you move away! The lemure hits you!
The lemure attacks as you move away! The lemure completely misses you.
Your surroundings suddenly seem different.
Found 8 stones.
Pikel is nearby!
Pikel zaps a wand.
The mass of ice explodes!
The iceblast engulfs you!
You hear a shout!
There is a shaft here.
There is a shaft here.
Pikel zaps a wand.
The mass of ice explodes!
The iceblast engulfs you.
* * * LOW HITPOINT WARNING * * *
Pikel zaps a wand.
The mass of ice explodes!
The iceblast engulfs you!
You die...

###### #.....#
##(......
#.........# ###
#.........#
..###.........# ###
#.#...........# #.##
#.#@^.........# #..#
#.#.#K........# #..#
#...#.........# #...
###5..........###...
##
#5..........##....
..
#.................
#.#
##5........#####..
#..# ##.#....>..##
#.. #..
#.####.##....#..


You could see Pikel and 3 lemures.

Vanquished Creatures
  An orc priest (D:3)
  Natasha (thrice) (D:2)
  2 orc wizards (D:3)
  3 adders
  A worm (D:2)
  2 dart slugs
  7 orcs (D:3)
  6 ball pythons
  2 endoplasms (D:2)
  A giant cockroach (D:3)
  5 goblins
  4 hobgoblins
  10 jackals
  8 kobolds
  3 quokkas
  8 bats
  A frilled lizard (D:1)
  4 rats (D:1)
71 creatures vanquished.

Vanquished Creatures (others)
  4 fungi (D:1)
  A plant (D:1)
5 creatures vanquished.

Grand Total: 76 creatures vanquished

Notes
Turn   | Place    | Note
-------+----------+-------------------------------------------
     0 | D:1      | qeuew the Merfolk Gladiator began the quest for the Orb.
     0 | D:1      | Reached XP level 1. HP: 16/16 MP: 1/1
   106 | D:1      | Found a faded altar of an unknown god.
   125 | D:1      | Reached XP level 2. HP: 1/23 MP: 2/2
   707 | D:1      | Reached XP level 3. HP: 27/28 MP: 3/3
   822 | D:1      | Found Zotyam's Jewellery Shop.
  1585 | D:2      | Noticed Natasha
  1590 | D:2      | Killed Natasha
  1591 | D:2      | Reached skill level 1 in Armour
  1591 | D:2      | Reached XP level 4. HP: 34/34 MP: 4/4
  1611 | D:2      | Noticed Natasha
  1619 | D:2      | Killed Natasha
  1698 | D:2      | Noticed Natasha
  1711 | D:2      | Killed Natasha
  1712 | D:2      | Reached XP level 5. HP: 16/41 MP: 5/5
  2183 | D:3      | Reached skill level 5 in Polearms
  2213 | D:3      | Reached skill level 5 in Dodging
  2564 | D:3      | Reached XP level 6. HP: 44/47 MP: 6/6
  2790 | D:3      | Found a runed translucent gate.
  2790 | D:3      | Found a runed translucent gate.
  2957 | D:3      | Found a runed translucent gate.
  2959 | D:3      | Noticed warborn304's ghost (amateur MiBe)
  3435 | D:4      | Found a staircase to the Ecumenical Temple.
  3450 | D:4      | Noticed Pikel
  3455 | Temple   | Entered the Ecumenical Temple
  3479 | Temple   | Became a worshipper of Warmaster Okawaru
  3632 | D:4      | Killed from afar by Pikel

Illustrated notes

Levels and vault maps discovered:
D:1:      lightli_arrival_boilingwater, layout_loops_ring,
          dreamdust_ecumenical_altar_grove, serial_shops, nicolae_lakefront_shop
D:2:      layout_loops_ring, uniq_natasha
D:3:      layout_basic, ebering_ghost_rock_garden, wad_orctagon
D:4:      layout_rooms, minmay_temple_entry_sparse_star, serial_shops, shop,
          minmay_manual_mail, uniq_pikel
Temple:   hellmonk_temple_two_chambers

Skill      XL: |  1  2  3  4  5 |
---------------+----------------+-----
Armour         | 1 |  1.7
Fighting       | 3 |  3.5
Polearms       | 5 |  5.3
Throwing       | 3 |  3.3
Dodging        | 5 |  5.2

Action                   |  1- 3 |  4- 6 || total
-------------------------+-------+-------++-------
Melee: Trident           |   135 |   109 ||   244
       Punch             |       |     1 ||     1
  Use: Scroll            |     2 |    10 ||    12
       Potion            |       |     3 ||     3
Armor: Leather armour    |    31 |       ||    31
       Ring mail         |     2 |    34 ||    36
Dodge: Dodged            |    88 |    72 ||   160
